← All builds
Suicide front / Armada / Factory first / OBSERVED BUILD

Standard suicide front

The role's default: factory first (mostly Bot Lab), pushing Rocketeer-led bot play into the middle to contest and hold the front, with an Advanced Metal Extractor around 9:36 as the natural transition.

Usually lab first (63%)

#raid #push · 1289 distinct matches · 127 players · 71% of Armada Suicide front games · team won 59% of 1527 · Recently observed

HOW TO PLAY IT

Key timing: Bot Lab by 0:20

  1. Open with mex and wind, drop Bot Lab immediately.
  2. Push out first "Centurion" as Pond's boost lands.
  3. Send "Rocketeer", "Centurion", "Pawn" mix to contest middle.
  4. Add Dragon's Teeth and Sentries to hold the line.
  5. Get Advanced Metal Extractor up as T2 nears.

Phase by phase

TYPICAL OF ITS 1289 GAMES
  1. 1
  2. 2
  3. 3
PLAY THE OPENING

Follow the example game's first 6:00 step by step: what to build now, what comes next, and where it goes. At 1× it keeps pace with your own game.

  1. 1

    Bot Lab first

    Order
    1. Bot LabBot Lab done ~0:20, middle half 0:20–0:33

    Some games also: mex (36%)

  2. 2

    Bot Lab to 5:00

    Economy
    • Metal Extractor5Mex
    • Wind Turbine4Wind
    Builders
    • Construction Bot3 Con bot
    • Lazarus2 Lazarus
    Army
    • Sentry4 Sentry
    • Rocketeer17 Rocketeer
    • Tick2 Tick
    • Centurion1 Centurion
    Other
    • Radar Tower1 Radar Tower

    Some games also: con turret (35%) · pawn (32%)

    By 5:00 in all: 5 mex · 4 wind

    The example game in this phase · 42 steps
    1. TickTick
    2. Construction BotCon bot
    3. SentrySentry
    4. Construction BotCon bot
    5. Mex
    6. LazarusLazarus
    7. Mex
    8. PawnPawn
    9. BeamerBeamer
    10. CenturionCenturion
    11. Mex
    12. BeamerBeamer
    13. Construction BotCon bot
    14. Radar TowerRadar Tower
    15. Mex
    16. LazarusLazarus
    17. Mex
    18. Wind
    19. CenturionCenturion
    20. Wind
    21. RocketeerRocketeer
    22. BeamerBeamer
    23. Wind
    24. RocketeerRocketeer
    25. Wind
    26. Con turret
    27. RocketeerRocketeer ×3
    28. Wind
    29. TickTick
    30. Wind
    31. LazarusLazarus
    32. Wind
    33. RocketeerRocketeer
    34. BeamerBeamer
    35. Wind
    36. BeholderBeholder
    37. RocketeerRocketeer
    38. Energy storage
    39. Dragon's TeethDragon's Teeth
    40. RocketeerRocketeer
    41. Dragon's TeethDragon's Teeth
    42. Radar TowerRadar Tower
  3. 3

    5:00 to 10:00

    Economy
    • Metal Extractor1Mex
    • Wind Turbine17Wind
    Builders
    • Construction Turret2 Con turret
    • Lazarus2 Lazarus
    • Construction Bot1 Con bot
    Army
    • Sentry1 Sentry
    • Rocketeer8 Rocketeer
    • Pawn1 Pawn

    Some games also: tick (47%) · energy storage (46%) · Radar Tower (46%) · centurion (45%) · Beamer (39%)

    By 10:00 in all: 6 mex · 23 wind · 1 energy storage · 3 con turret

    The example game in this phase · 262 steps
    1. RocketeerRocketeer ×2
    2. TickTick
    3. Con turret
    4. LazarusLazarus
    5. RocketeerRocketeerfor Pond
    6. Dragon's TeethDragon's Teeth
    7. RocketeerRocketeerfor Pond
    8. RocketeerRocketeer ×2
    9. BeamerBeamer
    10. Con turret
    11. RocketeerRocketeer
    12. TickTick
    13. LazarusLazarus
    14. Wind
    15. RocketeerRocketeer
    16. Wind
    17. RocketeerRocketeer
    18. Wind
    19. RocketeerRocketeer ×2
    20. Wind
    21. Converter
    22. RocketeerRocketeer
    23. Wind
    24. SentrySentry
    25. Wind
    26. TickTick
    27. LazarusLazarus
    28. Wind ×2
    29. MaceMace
    30. Wind
    31. Converter
    32. MaceMace
    33. SentrySentry
    34. MaceMace
    35. Wind ×2
    36. MaceMace
    37. Wind
    38. LazarusLazarus
    39. Wind
    40. PawnPawn
    41. Converter
    42. PawnPawn
    43. Wind
    44. PawnPawn
    45. Wind
    46. PawnPawn
    47. Wind
    48. PawnPawn
    49. Wind
    50. PawnPawn
    51. Converter
    52. PawnPawn
    53. Wind
    54. LazarusLazarus
    55. Wind
    56. Metal storage
    57. Construction BotCon bot
    58. Wind
    59. PawnPawn
    60. Wind
    61. PawnPawn
    62. Converter
    63. PawnPawn ×2
    64. Wind
    65. Con turret
    66. Wind
    67. PawnPawn
    68. Wind
    69. Advanced Metal ExtractorT2 mexdone 10:11 · typical 9:36
    70. Wind
    71. PawnPawn
    72. Converter
    73. PawnPawn
    74. Wind
    75. Sneaky PeteSneaky Pete
    76. LazarusLazarus
    77. Wind ×3
    78. PawnPawn
    79. Converter
    80. Wind
    81. PawnPawn
    82. Con turret
    83. Wind
    84. Advanced Metal ExtractorT2 mex
    85. PawnPawn
    86. Con turret
    87. PawnPawn
    88. Wind
    89. PawnPawn
    90. Converter
    91. PawnPawn
    92. Wind ×2
    93. PawnPawn
    94. Vehicle PlantVehicle Plantdone 11:19
    95. LazarusLazarus
    96. Advanced Metal ExtractorT2 mex
    97. Wind ×3
    98. Converter
    99. Vehicle PlantVehicle Plantdone 11:39
    100. PawnPawn
    101. Wind ×2
    102. BlitzBlitz
    103. PawnPawn
    104. Wind
    105. BlitzBlitz
    106. Wind
    107. PawnPawn
    108. Wind
    109. BlitzBlitz
    110. Con turret
    111. Wind
    112. Con turret
    113. BlitzBlitz
    114. Wind
    115. PawnPawn
    116. Wind
    117. Con turret
    118. Advanced Metal ExtractorT2 mex
    119. BlitzBlitz ×2
    120. Converter
    121. Con turret ×2
    122. PawnPawn
    123. Wind
    124. BlitzBlitz
    125. LazarusLazarus
    126. BlitzBlitz
    127. TickTick
    128. Wind
    129. BlitzBlitz ×2
    130. TickTick
    131. BlitzBlitz ×2
    132. TickTick
    133. Wind
    134. BlitzBlitz ×2
    135. TickTick
    136. BlitzBlitz
    137. Wind
    138. BlitzBlitz
    139. TickTick
    140. BlitzBlitz
    141. Wind
    142. BlitzBlitz ×2
    143. TickTick
    144. BlitzBlitz ×2
    145. Converter
    146. BlitzBlitz
    147. TickTick
    148. BlitzBlitz ×2
    149. TickTick
    150. Wind
    151. BlitzBlitz ×2
    152. TickTick
    153. BlitzBlitz ×2
    154. Wind
    155. BlitzBlitz
    156. TickTick
    157. BlitzBlitz ×3
    158. TickTick
    159. BlitzBlitz
    160. Wind
    161. BlitzBlitz
    162. TickTick
    163. BlitzBlitz ×2
    164. Wind
    165. TickTick
    166. BlitzBlitz
    167. Advanced Metal ExtractorT2 mex
    168. BlitzBlitz
    169. Wind
    170. BlitzBlitz
    171. TickTick
    172. BlitzBlitz ×3
    173. Converter
    174. TickTick
    175. Mex
    176. BlitzBlitz ×2
    177. TickTick
    178. BlitzBlitz ×3
    179. Wind
    180. TickTick
    181. BlitzBlitz ×3
    182. TickTick
    183. Wind
    184. BlitzBlitz ×2
    185. TickTick
    186. BlitzBlitz ×2
    187. Wind
    188. BlitzBlitz
    189. TickTick
    190. BlitzBlitz
    191. Wind
    192. BlitzBlitz ×2
    193. TickTick
    194. BlitzBlitz ×2
    195. LazarusLazarus
    196. Wind
    197. BlitzBlitz ×3
    198. Converter
    199. BlitzBlitz ×4
    200. Wind
    201. LazarusLazarus
    202. BlitzBlitz ×4
    203. Wind
    204. BlitzBlitz ×2
    205. LazarusLazarus
    206. BlitzBlitz ×4
    207. Wind
    208. Advanced Metal ExtractorT2 mex
    209. BlitzBlitz
    210. Wind
    211. BlitzBlitz
    212. LazarusLazarus
    213. BlitzBlitz ×2
    214. Wind
    215. BlitzBlitz
    216. Converter
    217. BlitzBlitz ×2
    218. TickTick
    219. BlitzBlitz
    220. Wind
    221. BlitzBlitz ×2
    222. AnemoneAnemone
    223. TickTick
    224. BlitzBlitz
    225. Wind
    226. BlitzBlitz
    227. Wind
    228. TickTick
    229. AnemoneAnemone
    230. Wind
    231. BlitzBlitz
    232. TickTick
    233. BlitzBlitz
    234. Wind
    235. TickTick
    236. BlitzBlitz
    237. Wind
    238. TickTick
    239. BlitzBlitz
    240. Converter
    241. TickTick
    242. BlitzBlitz
    243. AnemoneAnemone
    244. BlitzBlitz
    245. TickTick
    246. BlitzBlitz
    247. Wind
    248. BlitzBlitz ×2
    249. TickTick
    250. BlitzBlitz
    251. Wind
    252. BlitzBlitz
    253. TickTick
    254. BlitzBlitz ×2
    255. TickTick
    256. Wind
    257. BlitzBlitz ×2
    258. TickTick
    259. BlitzBlitz
    260. Wind
    261. BlitzBlitz
    262. TickTick

Counts are medians over the build's games: half of them build more, half fewer. The example game is Soliloqueur's (41 OS, 26/09/2026); pick another.

Team trades

IN AT LEAST 30% OF ITS GAMES

You hand over

Nothing regular.

You get

  • Tidal Generator4 Tidal from Pondfirst at 0:10 · in 69% of games
  • Advanced Construction Bot1 T2 con bot from Geo or Techfirst at 7:31 · in 59% of games

How it plays out

Typical game of this build, running totals by minute

Metal produced

010k20k30k
0:005:0010:0015:00

metal

Enemy metal destroyed

05k10k
0:005:0010:0015:00

metal

Own metal lost

05k10k
0:005:0010:0015:00

metal

1527 games.

Show as table
ByMetal produced: This buildEnemy metal destroyed: This buildOwn metal lost: This build
1:0022600
2:0088800
3:002050179106
4:003161658496
5:00424314121026
6:00543322971789
7:00667031752710
8:00792040293619
9:00931747894495
10:001069754225316
11:001226558996054
12:001411464906830
13:001623070097536
14:001811476808373
15:002046683169249
WHAT THE NUMBERS SAY

Standard suicide front play wins slightly more than half its games with fast kills but also fast losses, matching the raw grind of the role.

  • + First kill lands by 2:04 in all games
  • + Metal produced reaches 19882 by 15:00
  • − Own metal lost hits 9208 by 15:00, near metal destroyed of 8172
  • − First unit lost as early as 2:08 in every game
THE EXAMPLE YOU ARE READING

Soliloqueur

40.7 OS · 26/09/2026

Open source match ↗

9 received units · includes a constructor
373 metal received · 45688 energy received

Allied construction assistance is unknown. Timings are observations, not a promise of solo reproducibility.

Typical milestones

Bot Lab0:20Middle 50%: 0:20–0:33 · n=1520
Advanced Metal Extractor9:36Middle 50%: 8:41–10:48 · n=1126

Played most by

_X_253games of this buildPlatinumBlonde181games of this buildXad120games of this buildImmort73games of this buildwatermeloans58games of this build